Map: Orbital Shipyard

Players

Zanster

  • Race: Zerg Zerg

PtitDrogo - Winner!

  • Race: Protoss Protoss
  • League: Master

Event: DreamHack ROCCAT LotV Championship

VOD

Have the link to the VOD?

Description

Time

  • Played on: Nov. 26, 2015, 1:32 p.m.
  • Length: 12:50

All games in this series

Show
View Real Time Build Order
Export as new Build Order

Zanster Zerg 

Build Orders: Hatch First, Lurkers 

Get SALT Encoding   

  12  0:00  Drone  
  13  0:13  Overlord  
  13  0:17  Drone  
  14  0:31  Drone x2  
  16  0:37  Drone  
  17  0:53  Hatchery  
  17  0:56  Drone  
  17  0:58  Drone  
  18  1:07  Extractor  
  17  1:13  Spawning Pool  
  17  1:16  Drone  
  17  1:19  Drone  
  18  1:29  Drone  
  19  1:41  Overlord  
  19  2:01  Queen  
  19  2:04  Zergling x4  
  19  2:05  Drone, Queen  
  26  2:12  Drone  
  27  2:16  Metabolic Boost  
  27  2:18  Drone  
  28  2:23  Drone  
  28  2:27  Drone  
  30  2:39  Hatchery  
  30  2:41  Drone  
  30  2:42  Drone  
  31  2:45  Queen  
  31  2:50  Overlord  
  33  2:53  Drone  
  33  2:56  Drone  
  35  3:03  Drone  
  35  3:13  Drone x5  
  35  3:15  Drone x3  
  42  3:20  Overlord  
  42  3:24  Drone  
  43  3:36  Zergling x2  
  43  3:39  Zergling x2  
  45  3:42  Zergling x2  
  45  3:45  Zergling x2  
  45  3:47  Spore Crawler  
  45  3:48  Drone x6  
  52  3:50  Extractor  
  52  3:51  Overlord, Queen  
  52  3:55  Drone  
  54  3:58  Drone  
  55  4:04  Drone  
  55  4:09  Drone x2  
  58  4:13  Spore Crawler  
  58  4:15  Overlord, Spore Crawler  
  56  4:17  Lair  
  56  4:18  Drone x3  
  56  4:20  Drone  
  56  4:21  Drone  
  61  4:28  Drone  
  61  4:29  Drone x4  
  62  4:31  Drone  
  62  4:33  Drone  
  62  4:35  Drone  
  63  4:41  Roach Warren  
  63  4:42  Extractor  
  63  4:43  Extractor  
  63  4:44  Drone  
  63  4:45  Drone  
  62  4:46  Drone  
  62  4:47  Drone  
  62  4:51  Zergling x2  
  62  4:52  Zergling x4  
  67  4:54  Zergling x4  
  68  5:01  Zergling x2  
  68  5:02  Zergling x8  
  68  5:03  Overlord  
  68  5:05  Zergling x4  
  68  5:06  Zergling x2  
  66  5:24  Roach x4  
  68  5:30  Roach  
  68  5:31  Roach x6  
  75  5:46  Drone x4  
  75  5:53  Drone  
  75  5:54  Drone  
  75  5:56  Drone  
  78  6:03  Extractor x2  
  78  6:04  Drone x2  
  77  6:06  Drone  
  77  6:10  Hydralisk Den  
  76  6:13  Zergling x2  
  76  6:14  Zergling x2  
  78  6:19  Drone  
  78  6:24  Overlord  
  79  6:26  Drone  
  79  6:27  Drone x2  
  79  6:30  Overlord  
  79  6:32  Hatchery  
  81  6:39  Drone  
  82  6:40  Overlord, Lurker Den  
  82  6:44  Drone  
  82  6:45  Evolution Chamber, Drone x5  
  87  6:47  Evolution Chamber  
  87  6:48  Drone  
  87  6:49  Drone  
  87  6:53  Overlord  
  88  6:55  Overlord  
  88  6:56  Drone  
  88  6:57  Drone  
  88  6:58  Drone  
  88  6:59  Drone  
  92  7:03  Drone x4  
  95  7:09  Overlord  
  95  7:13  Queen  
  95  7:17  Zerg Ground Armor Level 1, Zerg Melee Weapons Level 1  
  93  7:22  Drone  
  93  7:23  Drone x3  
  93  7:26  Overlord  
  93  7:28  Hydralisk  
  93  7:29  Hydralisk  
  100  7:33  Hydralisk x2  
  104  7:38  Hydralisk x2  
  104  7:43  Hydralisk x2  
  112  7:50  Zergling x2  
  112  7:51  Zergling x10  
  117  7:54  Hydralisk  
  117  7:56  Hydralisk  
  117  7:57  Hydralisk  
  123  7:59  Overlord  
  123  8:03  Glial Reconstitution  
  123  8:07  Overlord  
  123  8:09  Zergling x2  
  123  8:10  Zergling x8  
  128  8:16  Overlord  
  128  8:18  Lurker x5  
  128  8:19  Lurker x2  
  134  8:24  Zergling x2  
  134  8:26  Overlord  
  134  8:30  Zergling x2  
  134  8:31  Zergling x14  
  126  8:44  Zergling x12  
  126  8:45  Zergling x14  
  137  8:50  Zergling x2  
  137  8:55  Hydralisk x3  
  133  9:05  Hydralisk  
  133  9:08  Hydralisk x3  
  133  9:09  Queen  
  141  9:13  Lurker x3  
  141  9:14  Lurker  
  147  9:17  Zergling x2  
  147  9:18  Zergling x6  
  151  9:25  Hydralisk  
  151  9:30  Lurker  
  153  9:31  Lurker  
  153  9:33  Zergling x12  
  153  9:37  Overlord  
  153  9:38  Overlord  
  159  9:44  Overlord  
  159  9:45  Zerg Ground Armor Level 2, Zerg Melee Weapons Level 2  
  159  9:58  Zergling x22  
  170  10:04  Lurker x2  
  172  10:07  Overlord  
  172  10:13  Zergling x10  
  172  10:14  Zergling x10  
  172  10:22  Hydralisk  
  172  10:23  Roach x4  
  178  10:34  Zergling x10  
  153  10:38  Hydralisk  
  153  10:42  Hydralisk  
  133  10:43  Hydralisk  
  133  10:45  Queen  
  133  10:49  Hydralisk x6  
  137  10:55  Hydralisk x2  
  137  10:56  Zergling x2  
  134  10:57  Zergling x2  
  134  11:03  Hydralisk  
  134  11:04  Zergling x6  
  115  11:10  Lurker  
  115  11:11  Lurker  
  113  11:17  Roach, Zergling x2  
  113  11:18  Zergling x16  
  124  11:20  Lurker  
  124  11:21  Lurker  
  124  11:22  Lurker  
  127  11:30  Zergling x12  
  133  11:33  Lurker  
  133  11:38  Zergling x4  
  136  11:41  Zergling x4  
  138  11:50  Lurker x2  
  138  11:51  Lurker  
  141  11:55  Zergling x4  
  141  11:56  Zergling x18  
  150  12:11  Zergling x18  
  150  12:12  Zergling x2  
  123  12:27  Zergling x18  
  109  12:30  Zergling x4  
Show
View Real Time Build Order
Export as new Build Order

PtitDrogo Protoss - Winner!

Build Orders: Nexus First, Oracle Opening 

Get SALT Encoding   

  12  0:01  Probe (Chrono Boost)  
  13  0:11  Probe (Chrono Boost)  
  14  0:17  Pylon  
  14  0:22  Probe (Chrono Boost)  
  16  0:35  Probe (Chrono Boost)  
  16  0:46  Probe (Chrono Boost)  
  17  0:57  Nexus  
  17  1:00  Probe (Chrono Boost)  
  18  1:10  Gateway  
  18  1:13  Probe (Chrono Boost)  
  18  1:18  Assimilator  
  19  1:23  Probe (Chrono Boost)  
  20  1:26  Assimilator  
  20  1:34  Probe (Chrono Boost)  
  20  1:39  Gateway  
  21  1:45  Probe (Chrono Boost)  
  22  1:55  Probe (Chrono Boost)  
  22  1:57  Cybernetics Core  
  23  2:09  Probe (Chrono Boost)  
  23  2:10  Probe (Chrono Boost)  
  25  2:19  Probe (Chrono Boost)  
  25  2:20  Probe (Chrono Boost)  
  27  2:28  Warp Gate (Chrono Boost)  
  27  2:30  Probe x2 (Chrono Boost)  
  27  2:34  Adept x2 (Chrono Boost)  
  33  2:41  Probe  
  33  2:42  Probe  
  35  2:45  Stargate  
  35  2:50  Pylon  
  35  2:53  Probe  
  35  2:56  Probe  
  37  3:05  Probe  
  37  3:08  Probe  
  39  3:13  Pylon  
  39  3:17  Mothership Core  
  39  3:19  Gateway  
  41  3:21  Probe  
  41  3:24  Adept (Chrono Boost)  
  44  3:30  Oracle (Chrono Boost)  
  44  3:33  Probe, Adept  
  50  3:37  Pylon  
  50  3:38  Probe  
  51  3:45  Probe  
  52  3:50  Probe, Pylon, Assimilator x2  
  53  3:56  Adept (Chrono Boost)  
  53  3:57  Probe  
  53  4:01  Adept (Chrono Boost)  
  53  4:02  Probe  
  59  4:08  Oracle (Chrono Boost)  
  62  4:10  Probe  
  62  4:14  Probe  
  62  4:15  Pylon  
  64  4:22  Probe (Chrono Boost)  
  64  4:33  Adept  
  66  4:39  Adept  
  66  4:40  Adept  
  66  4:42  Probe (Chrono Boost)  
  71  4:47  Probe (Chrono Boost)  
  72  4:55  Sentry  
  72  4:56  Probe (Chrono Boost)  
  75  5:01  Probe (Chrono Boost)  
  76  5:13  Probe (Chrono Boost)  
  77  5:19  Probe (Chrono Boost)  
  77  5:21  Nexus  
  78  5:22  Pylon  
  78  5:23  Probe (Chrono Boost)  
  77  5:30  Probe (Chrono Boost)  
  77  5:32  Pylon  
  77  5:33  Sentry x2  
  77  5:34  Pylon  
  78  5:36  Robotics Facility  
  78  5:37  Forge  
  78  5:41  Twilight Council  
  78  5:46  Probe (Chrono Boost)  
  78  5:48  Probe (Chrono Boost)  
  78  5:52  Sentry  
  78  5:54  Gateway  
  78  5:55  Gateway  
  81  5:57  Probe (Chrono Boost)  
  81  5:59  Probe (Chrono Boost)  
  81  6:00  Void Ray  
  86  6:07  Probe (Chrono Boost)  
  86  6:08  Probe (Chrono Boost)  
  86  6:09  Stalker x2, Protoss Ground Weapons Level 1 (Chrono Boost)  
  92  6:19  Probe  
  92  6:20  Probe, Blink (Chrono Boost), Assimilator  
  92  6:22  Observer (Chrono Boost), Assimilator  
  95  6:31  Probe x2  
  95  6:32  Probe  
  97  6:35  Gateway x2  
  98  6:42  Probe  
  98  6:43  Probe  
  98  6:44  Probe  
  101  6:52  Probe, Pylon  
  101  6:53  Immortal, Gateway  
  101  6:55  Probe  
  101  6:57  Gateway  
  101  7:01  Gateway  
  107  7:27  Warp Prism  
  107  7:29  Photon Cannon  
  107  7:34  Stalker x3, Robotics Bay  
  107  7:35  Robotics Facility  
  115  7:47  Nexus, Pylon  
  114  7:57  Stalker x2  
  114  7:58  Stalker x3  
  124  8:07  Protoss Ground Weapons Level 2 (Chrono Boost)  
  124  8:08  Stalker x4  
  132  8:19  Pylon  
  132  8:20  Pylon  
  132  8:31  Disruptor (Chrono Boost)  
  133  8:38  Disruptor (Chrono Boost)  
  134  8:44  Stalker x6  
  134  8:45  Stalker  
  142  8:49  Stalker  
  142  8:50  Stalker  
  138  9:00  Stalker  
  140  9:13  Stalker x4  
  140  9:14  Stalker x5  
  140  9:15  Probe  
  158  9:23  Disruptor (Chrono Boost)  
  159  9:27  Adept  
  159  9:30  Pylon  
  164  9:31  Pylon  
  164  9:34  Pylon  
  164  9:40  Assimilator  
  164  9:42  Assimilator  
  164  9:43  Disruptor, Charge (Chrono Boost)  
  164  9:49  Zealot x2  
  164  9:51  Disruptor, Zealot  
  176  10:03  Stalker x4  
  184  10:13  Zealot x2  
  188  10:27  Disruptor  
  188  10:28  Stalker  
  159  10:45  Disruptor  
  142  10:55  Colossus  
  115  11:07  Probe x3  
  118  11:12  Stalker x6  
  118  11:13  Stalker x3  
  118  11:14  Stalker  
  118  11:17  Probe  
  139  11:25  Pylon  
  139  11:26  Pylon  
  139  11:28  Pylon  
  139  11:30  Pylon  
  139  11:31  Pylon  
  139  11:48  Disruptor  
  139  11:49  Stalker x4  
  139  11:50  Stalker x5  
  160  11:54  Probe  
  161  12:03  Stalker  
  161  12:06  Probe  
  130  12:31  Stalker x6  
  138  12:46  Stalker x2  
  138  12:47  Stalker x2  

Tags
 
Add a new tag
Caveats
  • Supply blocks, unpowered buildings, or Contaminate may cause inaccurate times.
  • Supply counts are checked every 10 seconds.